 Dungeon Crawl Stone Soup version 0.28-a0-1435-g82390b3a13 (webtiles) character file.

Game seed: 15382116310925666217

32 frimble the Grasshopper (level 3, 0/27 HPs)
             Began as a Demonspawn Warper on Jan 9, 2022.
             Slain by an adder (2 damage)
             ... on level 2 of the Dungeon.
             The game lasted 00:00:59 (1120 turns).

frimble the Grasshopper (Demonspawn Warper)         Turns: 1120, Time: 00:00:59

Health: 0/27       AC:  3    Str: 11    XL:     3   Next: 8%
Magic:  6/6        EV: 12    Int: 16    God:
Gold:   86         SH:  0    Dex: 12    Spells: 6/6 levels left

rFire   . . .      SeeInvis .   a - +0 short sword
rCold   . . .      Faith    .   (no shield)
rNeg    . . .      Spirit   .   b - +0 leather armour
rPois   .          Reflect  .   (no helmet)
rElec   .          Harm     .   (no cloak)
rCorr   .          Rampage  .   (no gloves)
Will    .....                   (no boots)
Stlth   +.........              (no amulet)
HPRegen 0.09/turn               (no ring)
MPRegen 0.10/turn               (no ring)

@: mighty, lethally poisoned (0 -> -3), hasted, very quick
A: weakness stinger 1
a: no special abilities


You were on level 2 of the Dungeon.
You visited 1 branch of the dungeon, and saw 2 of its levels.

You collected 86 gold pieces.

Inventory:

Hand Weapons
 a - a +0 short sword (weapon)
Missiles
 d - 3 boomerangs of dispersal (quivered)
Armour
 b - a +0 leather armour (worn)
Jewellery
 f - a +4 ring of evasion
 g - a ring of protection from cold
Scrolls
 c - a scroll of blinking
 i - 2 scrolls of immolation {unknown}
Potions
 j - a potion of haste


   Skills:
 - Level 2.0 Fighting
 + Level 2.6 Short Blades
 - Level 0.8 Throwing
 - Level 0.8 Armour
 + Level 2.6 Dodging
 - Level 2.0 Spellcasting
 - Level 2.6 Translocations


You had 6 spell levels left.
You didn't know any spells.
Your spell library contained the following spells:

 Spells                   Type           Power      Damage    Failure   Level
 Blink                    Tloc           20%        N/A       14%         2
 Gell's Gravitas          Tloc           10%        N/A       26%         3
 Lesser Beckoning         Tloc           10%        N/A       26%         3
 Teleport Other           Tloc           10%        N/A       26%         3
 Manifold Assault         Tloc           10%        N/A       94%         5


Dungeon Overview and Level Annotations

Branches:
Dungeon (2/15)

Altars:


Innate Abilities, Weirdness & Mutations

You have a small tail.


Message History

You hit the adder.
The adder is heavily wounded.
You feel sick.
You are no longer poisoned.
The adder bites you.
You are poisoned.
The adder poisons you!
You barely miss the adder.
The adder is heavily wounded.
You feel sick. The adder bites you.
* * * LOW HITPOINT WARNING * * *
You are more poisoned.
The adder poisons you!
You don't know any spells.
Throw: 4 boomerangs (disperse)
Press: ? - help, Q - select action Shift-Dir - straight line, f - adder
Aim: an adder (heavily wounded, 38% to hit)
You throw a boomerang of dispersal.
The boomerang of dispersal completely misses the adder.
* * * LOW HITPOINT WARNING * * *
You feel sick. The adder bites you.
* * * LOW HITPOINT WARNING * * *
The adder closely misses you.
It was a potion of curing.
You feel better. The adder bites you.
* * * LOW HITPOINT WARNING * * *
You are lethally poisoned!
The adder poisons you!
You hit the adder but do no damage.
The adder is heavily wounded.
* * * LOW HITPOINT WARNING * * *
You feel sick. The adder closely misses you.
It was a potion of might.
You feel very mighty all of a sudden.
* * * LOW HITPOINT WARNING * * *
You feel sick. The adder bites you.
* * * LOW HITPOINT WARNING * * *
It was a potion of haste.
You feel yourself speed up.
* * * LOW HITPOINT WARNING * * *
You feel sick. The adder bites you.
You die...

..)......# #.........
..<......# #.........
.........# #.........
.........# .........
.........####
.........
............#
##........
.......####.#
#......... ####..##
#.###.S)...... ## ##.#
#...#.@....... .# #..#
###........... .# ##..
###......... .#
.......... .#
..........# .#
(.........#.# ####
..>.......#.#
...########..........#
.#...##.........).....


You could see an adder.

Vanquished Creatures
  An adder (D:2)
  A ball python (D:1)
  4 bats
  2 endoplasms
  2 giant cockroaches
  4 goblins
  2 frilled lizards (D:1)
  2 kobolds
  5 rats
23 creatures vanquished.

Notes
Turn   | Place    | Note
-------+----------+-------------------------------------------
     0 | D:1      | frimble the Demonspawn Warper began the quest for the Orb.
     0 | D:1      | Reached XP level 1. HP: 16/16 MP: 3/3
    91 | D:1      | Found a faded altar of an unknown god.
   345 | D:1      | Gained mutation: You have a small tail. [demonic ancestry]
   345 | D:1      | Reached XP level 2. HP: 15/22 MP: 5/5
   897 | D:2      | Reached XP level 3. HP: 20/27 MP: 6/6
  1116 | D:2      | HP: 1/27 [adder (2)]
  1120 | D:2      | Slain by an adder

Illustrated notes

Levels and vault maps discovered:
D:1:      shiori_arrival_maze, layout_rooms,
          shapermc_ecumenical_altar_totnotflames, grunt_decor_resistance,
          minmay_tromino_v7
D:2:      layout_rooms, basic_altar, minmay_pentomino_pile

Skill      XL: |  1 |
---------------+----+-----
Short Blades   | 2 |  2.6
Dodging        | 2 |  2.6
Fighting       | |  2.0
Throwing       | |  0.8
Armour         | |  0.8
Spellcasting   | |  2.0
Translocations | |  2.6

Action                   || total
-------------------------++-------
Melee: Short sword       ||    91
       Tailslap          ||     5
       Punch             ||     1
Throw: Boomerang         ||     2
  Use: Potion            ||     3
Armor: Leather armour    ||    31
Dodge: Dodged            ||    61

Table legend: (Time is in decaauts)
 A = Elapsed time spent in this place.
 B = Non-inter-level travel time spent in this place.
 C = Inter-level travel time spent in this place.
 D = Time resting spent in this place.
 E = Time spent auto-exploring this place.
 F = Levels seen in this place.
 G = Mean time per level.
                   A        B        C        D        E       F      G
               +--------+--------+--------+--------+--------+-----+--------+
         Total |   1118 |   1109 |      9 |      0 |    919 |   2 |  559.0 |
       Dungeon |   1118 |   1109 |      9 |      0 |    919 |   2 |  559.0 |
               +--------+--------+--------+--------+--------+-----+--------+

Top non-repeatable levels by time:
     D:1: 734 daAuts
     D:2: 384 daAuts
